[ AOE2 MATCH · #475861308 ]
UnrankedMalay vs Magyars
Player's team · LOSS
Rival team · WIN
[ REPLAY ANALYSIS · EXTRACTED FROM THE RECORDED GAME ]
Feudal
—
Castle
—
Imperial
—
| APM avg | 31.4 |
| APM peak | 59 |
| eAPM avg | 14.5 |
| Villagers / military | 60 / 52 |
Focus
⚔️ 36.3% · 🌾 63.7%
Archer ×38 · Spearman ×8 · Militia ×3 · Skirmisher ×3
Feudal
9:06
Castle
25:47
Imperial
—
| APM avg | 77.9 |
| APM peak | 127 |
| eAPM avg | 33.2 |
| Villagers / military | 51 / 62 |
Focus
⚔️ 46.7% · 🌾 53.3%
Archer ×29 · Scout Cavalry ×15 · Cavalry Archer ×11 · Skirmisher ×4 · Knight ×3
Match map
Initial resources + every placement click. Lines = walls · curves = elevation contours. ◆ gold · ⬟ stone · ● berries · ✦ relic · ◌ wall gap
Your base· Open — unwalled flank
AiM | Shuffle's base· Open — unwalled flank
Smoothed initial terrain · ◌ = detected wall gap · hover for details
Inputs per minute
— AttachedPoet380 - - AiM | Shuffle
Build order — AttachedPoet380
First 150 of 158 actions detected
| 0:01 | Create | Villager (Male) ×4 |
| 0:01 | Create | Villager (Male) ×4 |
| 0:02 | Build | House |
| 0:04 | Build | House |
| 1:23 | Create | Villager (Male) |
| 1:58 | Create | Villager (Male) |
| 2:00 | Build | Lumber Camp |
| 2:30 | Create | Villager (Male) |
| 2:44 | Create | Villager (Male) |
| 3:00 | Create | Villager (Male) |
| 3:30 | Create | Villager (Male) |
| 3:46 | Create | Villager (Male) |
| 3:49 | Build | House |
| 4:31 | Create | Villager (Male) |
| 4:39 | Build | Mill |
| 4:50 | Create | Villager (Male) |
| 5:13 | Create | Villager (Male) |
| 5:39 | Research | Loom |
| 5:43 | Create | Villager (Male) |
| 6:07 | Build | House |
| 6:28 | Create | Villager (Male) |
| 7:01 | Create | Villager (Male) |
| 7:04 | Build | Barracks |
| 7:35 | Research | Feudal Age |
| 8:08 | Create | Militia |
| 8:30 | Create | Militia |
| 8:34 | Build | House |
| 8:41 | Build | Mining Camp |
| 8:56 | Create | Villager (Male) |
| 9:20 | Create | Villager (Male) |
| 9:29 | Build | Farm |
| 9:31 | Build | House |
| 9:32 | Create | Villager (Male) |
| 9:47 | Create | Militia |
| 9:55 | Build | Farm |
| 9:57 | Build | Farm |
| 10:06 | Build | House |
| 10:14 | Create | Villager (Male) |
| 10:20 | Create | Spearman |
| 10:27 | Build | Farm |
| 10:28 | Create | Villager (Male) |
| 10:36 | Research | Man-at-Arms (upgrade) |
| 10:36 | Research | Man-at-Arms (upgrade) |
| 10:38 | Create | Spearman |
| 10:38 | Create | Spearman |
| 10:40 | Build | Farm |
| 10:42 | Build | Farm |
| 11:12 | Create | Villager (Male) |
| 11:15 | Build | Farm |
| 11:23 | Create | Villager (Male) |
| 11:23 | Create | Villager (Male) |
| 11:42 | Create | Spearman |
| 11:57 | Create | Villager (Male) |
| 12:01 | Build | Farm |
| 12:03 | Build | Farm |
| 12:07 | Build | House |
| 12:17 | Create | Spearman |
| 12:26 | Create | Villager (Male) |
| 13:02 | Create | Villager (Male) |
| 13:03 | Create | Villager (Male) |
| 13:13 | Build | Farm |
| 13:15 | Build | Archery Range |
| 13:40 | Create | Villager (Male) |
| 13:52 | Create | Spearman |
| 13:57 | Research | Double-Bit Axe |
| 13:58 | Research | Horse Collar |
| 13:59 | Create | Villager (Male) |
| 14:07 | Build | House |
| 14:19 | Create | Skirmisher |
| 14:25 | Create | Archer |
| 14:25 | Create | Archer |
| 14:30 | Create | Villager (Male) |
| 14:32 | Create | Spearman |
| 14:42 | Create | Villager (Male) |
| 14:45 | Build | Farm |
| 14:54 | Create | Archer |
| 14:56 | Create | Spearman |
| 14:59 | Create | Archer |
| 15:04 | Create | Villager (Male) |
| 15:23 | Build | Farm |
| 15:27 | Build | Farm |
| 15:29 | Create | Villager (Male) |
| 15:58 | Build | Blacksmith |
| 16:07 | Create | Villager (Male) |
| 16:24 | Create | Villager (Male) |
| 16:25 | Create | Archer |
| 16:48 | Research | Fletching |
| 16:50 | Create | Villager (Male) |
| 16:58 | Build | Farm |
| 17:03 | Build | Farm |
| 17:19 | Create | Archer |
| 17:52 | Create | Villager (Male) |
| 17:57 | Build | House |
| 18:29 | Research | Castle Age |
| 18:29 | Research | Castle Age |
| 18:30 | Create | Villager (Male) |
| 18:43 | Build | Archery Range |
| 18:48 | Research | Padded Archer Armor |
| 18:50 | Research | Gold Mining |
| 19:12 | Create | Archer |
| 19:34 | Create | Archer |
| 19:35 | Create | Archer |
| 19:35 | Create | Archer |
| 19:52 | Create | Archer |
| 19:53 | Create | Archer |
| 20:07 | Research | Bodkin Arrow |
| 20:07 | Research | Bodkin Arrow |
| 20:10 | Create | Villager (Male) |
| 20:35 | Build | Mining Camp |
| 20:46 | Research | Crossbowman (upgrade) |
| 20:46 | Research | Crossbowman (upgrade) |
| 20:47 | Create | Archer |
| 20:47 | Create | Archer |
| 21:16 | Create | Archer |
| 21:16 | Create | Archer |
| 21:38 | Create | Archer |
| 21:58 | Create | Skirmisher |
| 21:58 | Create | Skirmisher |
| 22:09 | Create | Villager (Male) |
| 22:13 | Create | Villager (Male) |
| 22:13 | Create | Villager (Male) |
| 22:28 | Create | Villager (Male) |
| 23:13 | Create | Archer |
| 23:22 | Research | Town Watch |
| 23:31 | Create | Archer |
| 23:52 | Create | Archer |
| 23:52 | Create | Archer |
| 23:54 | Create | Villager (Male) |
| 24:01 | Create | Archer |
| 24:09 | Create | Villager (Male) |
| 24:25 | Create | Archer |
| 24:33 | Create | Archer |
| 24:33 | Create | Archer |
| 25:00 | Create | Archer |
| 25:00 | Create | Archer |
| 25:01 | Create | Villager (Male) |
| 25:34 | Create | Villager (Male) |
| 25:35 | Create | Villager (Male) |
| 25:50 | Build | Town Center |
| 25:54 | Create | Archer |
| 25:54 | Create | Archer |
| 26:01 | Create | Villager (Male) |
| 26:06 | Create | Archer |
| 26:07 | Create | Archer |
| 26:57 | Create | Villager (Male) |
| 26:57 | Create | Villager (Male) |
| 26:58 | Create | Villager (Male) |
| 26:59 | Create | Villager (Male) |
| 27:01 | Create | Archer |
| 27:05 | Build | Archery Range |
Build order — AiM | Shuffle
First 150 of 216 actions detected
| 0:00 | Create | Villager (Male) |
| 0:01 | Create | Villager (Male) |
| 0:01 | Create | Villager (Male) |
| 0:02 | Build | House |
| 0:03 | Build | House |
| 0:10 | Create | Villager (Male) |
| 1:34 | Create | Villager (Male) |
| 1:57 | Build | Lumber Camp |
| 2:09 | Create | Villager (Male) |
| 2:09 | Create | Villager (Male) |
| 2:41 | Create | Villager (Male) |
| 3:25 | Create | Villager (Male) |
| 3:52 | Build | House |
| 4:01 | Create | Villager (Male) |
| 4:01 | Create | Villager (Male) |
| 4:26 | Create | Villager (Male) |
| 4:29 | Build | Mill |
| 4:52 | Create | Villager (Male) |
| 5:14 | Create | Villager (Male) |
| 5:45 | Create | Villager (Male) |
| 5:50 | Research | Loom |
| 6:31 | Research | Feudal Age |
| 6:31 | Research | Feudal Age |
| 7:33 | Build | Barracks |
| 8:00 | Build | House |
| 9:06 | Age | Feudal Age |
| 9:12 | Build | Stable |
| 9:12 | Create | Villager (Male) |
| 9:20 | Research | Double-Bit Axe |
| 9:36 | Create | Villager (Male) |
| 9:42 | Build | Farm |
| 9:43 | Build | Farm |
| 9:52 | Create | Scout Cavalry |
| 9:53 | Create | Villager (Male) |
| 9:56 | Research | Horse Collar |
| 9:57 | Research | Horse Collar |
| 9:59 | Create | Villager (Male) |
| 10:05 | Create | Scout Cavalry |
| 10:16 | Build | Palisade Wall |
| 10:17 | Build | Palisade Wall |
| 10:25 | Build | Palisade Wall |
| 10:25 | Build | Palisade Wall |
| 10:29 | Create | Villager (Male) |
| 10:35 | Build | Farm |
| 10:37 | Build | Farm |
| 10:42 | Build | House |
| 10:54 | Create | Scout Cavalry |
| 10:57 | Build | House |
| 11:11 | Build | Farm |
| 11:19 | Build | Palisade Wall |
| 11:23 | Build | Palisade Wall |
| 11:24 | Build | Palisade Wall |
| 11:24 | Build | Palisade Wall |
| 11:25 | Build | Palisade Wall |
| 11:25 | Build | Palisade Wall |
| 11:29 | Build | Palisade Wall |
| 11:30 | Build | Palisade Wall |
| 11:30 | Build | Palisade Wall |
| 11:30 | Build | Palisade Wall |
| 11:40 | Create | Villager (Male) |
| 11:41 | Create | Scout Cavalry |
| 11:44 | Build | Farm |
| 11:45 | Build | Farm |
| 11:50 | Build | Palisade Wall |
| 11:51 | Build | Palisade Wall |
| 11:54 | Create | Villager (Male) |
| 11:55 | Build | House |
| 12:07 | Build | Farm |
| 12:23 | Create | Villager (Male) |
| 12:36 | Create | Villager (Male) |
| 12:42 | Build | Farm |
| 12:45 | Build | Farm |
| 12:46 | Create | Scout Cavalry |
| 13:01 | Create | Villager (Male) |
| 13:17 | Create | Scout Cavalry |
| 13:41 | Create | Villager (Male) |
| 14:03 | Build | Archery Range |
| 14:10 | Create | Scout Cavalry |
| 14:15 | Create | Villager (Male) |
| 14:23 | Build | Mining Camp |
| 14:30 | Build | House |
| 14:34 | Create | Scout Cavalry |
| 14:37 | Build | Farm |
| 14:42 | Create | Villager (Male) |
| 14:45 | Build | Farm |
| 14:57 | Create | Archer |
| 15:05 | Create | Villager (Male) |
| 15:12 | Build | House |
| 15:21 | Build | Archery Range |
| 15:27 | Create | Scout Cavalry |
| 15:29 | Create | Villager (Male) |
| 15:53 | Build | Farm |
| 15:53 | Build | Farm |
| 15:59 | Create | Villager (Male) |
| 16:02 | Build | Blacksmith |
| 16:09 | Create | Villager (Male) |
| 16:11 | Create | Archer |
| 16:11 | Create | Archer |
| 16:22 | Create | Archer |
| 16:40 | Create | Archer |
| 16:49 | Build | Lumber Camp |
| 16:53 | Create | Villager (Male) |
| 16:55 | Create | Scout Cavalry |
| 16:58 | Research | Fletching |
| 16:58 | Research | Fletching |
| 17:02 | Create | Scout Cavalry |
| 17:13 | Build | House |
| 17:14 | Build | House |
| 17:19 | Create | Villager (Male) |
| 17:21 | Create | Archer |
| 17:21 | Create | Archer |
| 17:23 | Build | Palisade Wall |
| 17:26 | Build | House |
| 17:32 | Create | Villager (Male) |
| 17:33 | Create | Archer |
| 17:46 | Create | Villager (Male) |
| 18:00 | Create | Archer |
| 18:05 | Build | House |
| 18:05 | Build | House |
| 18:15 | Create | Archer |
| 18:16 | Create | Villager (Male) |
| 18:17 | Create | Scout Cavalry |
| 18:42 | Create | Archer |
| 18:42 | Create | Villager (Male) |
| 18:46 | Create | Archer |
| 18:55 | Build | House |
| 18:55 | Build | House |
| 18:59 | Create | Archer |
| 18:59 | Create | Archer |
| 19:02 | Create | Scout Cavalry |
| 19:05 | Build | Farm |
| 19:05 | Build | Farm |
| 19:06 | Build | Farm |
| 19:20 | Build | Farm |
| 19:24 | Build | Farm |
| 19:29 | Create | Villager (Male) |
| 19:30 | Create | Archer |
| 19:30 | Create | Archer |
| 19:42 | Create | Villager (Male) |
| 19:43 | Build | House |
| 19:44 | Build | House |
| 19:46 | Create | Archer |
| 19:59 | Build | Farm |
| 20:00 | Build | Farm |
| 20:30 | Create | Archer |
| 20:30 | Create | Archer |
| 20:31 | Create | Villager (Male) |
| 20:53 | Create | Archer |
| 20:53 | Create | Archer |
| 21:08 | Create | Villager (Male) |
Match timeline
| 7:04 | AttachedPoet380 · first_building Barracks |
| 7:33 | AiM | Shuffle · first_building Barracks |
| 9:06 | AiM | Shuffle · age_up feudal |
| 9:12 | AiM | Shuffle · first_building Stable |
| 10:16 | AiM | Shuffle · wall_segment Palisade Wall x3 |
| 10:17 | AiM | Shuffle · wall_segment Palisade Wall x3 |
| 10:25 | AiM | Shuffle · wall_segment Palisade Wall x3 |
| 10:25 | AiM | Shuffle · wall_segment Palisade Wall x4 |
| 11:19 | AiM | Shuffle · wall_segment Palisade Wall x1 |
| 11:23 | AiM | Shuffle · wall_segment Palisade Wall x1 |
| 11:24 | AiM | Shuffle · wall_segment Palisade Wall x1 |
| 11:24 | AiM | Shuffle · wall_segment Palisade Wall x1 |
| 11:25 | AiM | Shuffle · wall_segment Palisade Wall x1 |
| 11:25 | AiM | Shuffle · wall_segment Palisade Wall x1 |
| 11:29 | AiM | Shuffle · wall_segment Palisade Wall x1 |
| 11:30 | AiM | Shuffle · wall_segment Palisade Wall x1 |
| 11:30 | AiM | Shuffle · wall_segment Palisade Wall x1 |
| 11:30 | AiM | Shuffle · wall_segment Palisade Wall x1 |
| 11:50 | AiM | Shuffle · wall_segment Palisade Wall x1 |
| 11:51 | AiM | Shuffle · wall_segment Palisade Wall x1 |
| 13:15 | AttachedPoet380 · first_building Archery Range |
| 14:03 | AiM | Shuffle · first_building Archery Range |
| 17:23 | AiM | Shuffle · wall_segment Palisade Wall x1 |
| 25:47 | AiM | Shuffle · age_up castle |
| 26:52 | AiM | Shuffle · first_market_sell 100 wood |
| 28:17 | AttachedPoet380 · resign |
[ AI ANALYSIS · 1 CREDIT ]
What really happened in this match?
Wolo.gg analyzes every decision: build order, eco, micro, common mistakes by bracket. Personalized analysis on WhatsApp or Discord in 30 seconds.
Civ guide
Malay
Perfil
Jugador #2007644